 Dungeon Crawl Stone Soup version 0.30.1-11-g7821555f0a (webtiles) character file.

Game seed: 6272140061618477183

11695 Ijustatesigmund the Destroyer (level 11, 0/60 HPs)
             Began as a Tengu Fire Elementalist on Dec 18, 2023.
             Was an Elder of Vehumet.
             Shot with a bolt by a yaktaur (31 damage)
             ... on level 13 of the Dungeon on Dec 19, 2023.
             The game lasted 00:30:32 (14012 turns).

Ijustatesigmund the Destroyer (TeFE)               Turns: 14012, Time: 00:30:33

Health: 0/60       AC: 11    Str:  9    XL:     11   Next: 81%
Magic:  22/22      EV: 13    Int: 19    God:    Vehumet [****..]
Gold:   824        SH:  6    Dex: 15    Spells: 7/24 levels left

rFire   + . .        p - +5 broad axe (elec)
rCold   x . .        e - +1 buckler
rNeg    . . .        a - +1 acid dragon scales
rPois   .            (helmet restricted)
rElec   .            j - +1 cloak
rCorr   +            D - +1 pair of gloves
SInv    .            (boots unavailable)
Will    .....        u - amulet of regeneration
Stlth   ++           m - ring of fire
HPRegen 1.10/turn    (no ring)
MPRegen 0.18/turn

%: no passive effects
@: flying quickly and evasively, quick
A: beak, talons 3, nimble flight
a: Renounce Religion


You were on level 13 of the Dungeon.
You worshipped Vehumet.
Vehumet was greatly pleased with you.
You visited 2 branches of the dungeon, and saw 13 of its levels.
You also visited: Sewer and Bailey.

You collected 824 gold pieces.

Inventory:

Hand Weapons
 p - a +5 broad axe of electrocution (weapon)
Missiles
 q - 2 throwing nets
Armour
 a - +1 acid dragon scales (worn)
 e - a +1 buckler (worn)
 j - a +1 cloak (worn)
 D - a +1 pair of gloves (worn)
Magical Staves
 g - a staff of air
Jewellery
 m - a ring of fire (left hand)
 u - an amulet of regeneration (around neck)
 E - a ring of fire
Wands
 d - a wand of flame (23)
 h - a wand of digging (6)
 k - a wand of paralysis (5)
 o - a wand of roots (15)
 w - a wand of polymorph (7)
Scrolls
 c - a scroll of silence
 s - 9 scrolls of teleportation
 v - a scroll of summoning
 y - a scroll of fear
 z - a scroll of blinking {unknown}
 A - 3 scrolls of poison
Potions
 b - a potion of magic
 f - 2 potions of haste
 i - 5 potions of curing
 l - 2 potions of lignification
 n - 2 potions of attraction
 r - a potion of brilliance
 t - 2 potions of cancellation {unknown}
 x - 2 potions of flight {unknown}
 B - a potion of invisibility {unknown}
 C - a potion of degeneration {unknown}


   Skills:
 - Level 3.2 Fighting
 - Level 6.8 Axes
 - Level 1.9 Armour
 - Level 2.9 Dodging
 - Level 2.0 Stealth
 - Level 5.5 Shields
 - Level 7.0 Spellcasting
 + Level 11.3 Conjurations
 + Level 4.3 Transmutations
 - Level 8.6 Fire Magic
 + Level 5.8 Air Magic
 + Level 4.4 Poison Magic


You had 7 spell levels left.
You knew the following spells:

 Your Spells              Type           Power      Damage    Failure   Level
a - Foxfire               Conj/Fire      100%       2x1d9     1%          1
b - Scorch                Fire           100%       2d9       1%          2
c - Flame Wave            Conj/Fire      61%        2d14      1%          4
d - Poisonous Vapours     Pois/Air       52%        N/A       1%          2
e - Ignite Poison         Fire/Tmut/Pois 42%        N/A       1%          3
f - Irradiate             Conj/Tmut      18%        3d17      7%          5

Your spell library contained the following spells:

 Spells                   Type           Power      Damage    Failure   Level
 Kiss of Death            Conj/Necr      100%       2d13      1%          1
 Dazzling Flash           Conj/Hex       56%        N/A       1%          3
 Inner Flame              Hex/Fire       34%        N/A       3%          3
 Volatile Blastmotes      Fire/Tloc      68%        2d15      3%          3
 Wereblood                Tmut           22%        N/A       6%          2
 Cigotuvi's Dreadful Rot  Necr/Pois/Air  38%        N/A       9%          2
 Spider Form              Tmut/Pois      23%        N/A       12%         3
 Freezing Cloud           Conj/Ice/Air   14%        6-21      17%         5
 Apportation              Tloc           12%        N/A       24%         1
 Necrotise                Necr           24%        1d5       24%         1
 Summon Small Mammal      Summ           24%        N/A       24%         1
 Ensorcelled Hibernation  Hex/Ice        12%        N/A       34%         2
 Sublimation of Blood     Necr           6%         N/A       34%         2
 Confusing Touch          Hex            6%         N/A       56%         3
 Silence                  Hex/Air        8%         N/A       89%         5
 Anguish                  Hex/Necr       3%         N/A       93%         4
 Dispel Undead            Necr           6%         3d8       93%         4
 Agony                    Necr           6%         N/A       100%        5
 Summon Hydra             Summ           3%         N/A       100%        7


Dungeon Overview and Level Annotations

Branches:
Dungeon (11/15)            Temple (1/1) D:5            Lair (0/5) D:10
    Orc (0/2) D:10          Sewer (visited)          Bailey (visited)

Altars:
Ashenzari
Dithmenos
Fedhas
Gozag
Kikubaaqudgha
Makhleb
Nemelex Xobeh
Okawaru
Sif Muna
Trog
Uskayaw
Vehumet
Yredelemnul
Zin

Annotations:
D:7 3 runed translucent doors, YordlordTheGreat's ghost, novice DEEn


Innate Abilities, Weirdness & Mutations

You have a beak for a mouth.
You have claws for feet.
Your magical nature lets you fly swiftly and evasively.


Message History

Things that are here:
a howler monkey corpse; a vampire mosquito corpse You see here a vampire mosquito corpse.
You reach down and open the large door.
There is a large open door here.
You reach down and open the large door.
There is a large open door here.
You reach down and open the door.
Found a stone staircase leading up and a stone staircase leading down.
There is an open door here.
You now have 813 gold pieces (gained 22).
You now have 824 gold pieces (gained 11).
A yaktaur and a kobold brigand come into view.
The kobold brigand is wielding a +0 short sword and quivering poisoned darts.
The yaktaur shouts!
You hear a shout! x2
The yaktaur wields a +0 arbalest.
The yaktaur shoots a bolt.
The bolt hits you!!
Ouch! That really hurt!
You hear a shout! x3
Okay, then.
Aiming: Paralyse
Press: ? - help, Shift-Dir - straight line, f - yaktaur
Aim: a yaktaur, wielding a +0 arbalest (chance to affect: 31%)
Okay, then.
Aiming: Paralyse
Press: ? - help, Shift-Dir - straight line, f - yaktaur
Aim: a yaktaur, wielding a +0 arbalest (chance to affect: 31%)
The yaktaur easily resists.
The yaktaur shoots a bolt.
The bolt closely misses you.
A yaktaur and 2 orc wizards come into view.
The yaktaur shouts!
The orc wizard shouts!
An orc knight comes into view. It is wielding a +0 battleaxe.
The kobold brigand throws a poisoned dart.
The poisoned dart barely misses you.
A kobold comes into view. It is wielding a +0 short sword.
A yaktaur comes into view.
The yaktaur wields a +0 arbalest.
The yaktaur shoots a bolt.
The bolt hits you!!
Ouch! That really hurt!
You die...

...#.........#...+.#....#
...#.....>...#.....#....#
...#.....#######..#######
...#.....# c. #..#
...'.....# c #..#
...#.....# #.#..# #
...#...<.#.c##.#..#K##..#
.###.....# #.........K#
.+.......# ###.#@.#.###
.#......................
.#......................
.#.......#####.#..#.#####
#..###### ......... #..
##.#..#.##o #.. # #..#o#
. #. #..# .


You could see an orc knight (wandering), 3 yaktaurs, a kobold brigand, an orc
wizard and a kobold.

Vanquished Creatures
  2 vault guards (Bailey)
  2 two-headed ogres
  A deep elf pyromancer (D:10)
  A kobold demonologist (D:10)
  Prince Ribbit (Bailey)
  2 wraiths (D:9)
  11 yaks
  A wyvern (D:9)
  4 humans (Bailey)
  A steam dragon (D:8)
  3 vampire mosquitoes (D:13)
  2 acid dragons
  A water moccasin (Sewer)
  A sky beast (D:7)
  5 orc warriors
  2 ice beasts
  3 black bears
  2 ogres (D:4)
  A phantom (D:5)
  3 centaurs
  3 kobold brigands
  11 bullfrogs
  2 gnoll sergeants
  2 scorpions (D:5)
  15 wights
  9 howler monkeys
  4 orc priests (D:10)
  3 hounds
  3 gnoll boudas
  3 jellies
  A sleepcap (D:6)
  14 orc wizards
  3 iguanas
  24 gnolls
  9 adders
  2 river rats (D:6)
  2 worms
  5 dart slugs
  37 orcs
  5 ball pythons
  5 endoplasms
  4 giant cockroaches
  7 goblins
  7 hobgoblins
  15 kobolds
  4 quokkas
  14 bats
  5 frilled lizards
  8 rats
275 creatures vanquished.

Vanquished Creatures (others)
  339 foxfires
339 creatures vanquished.

Grand Total: 614 creatures vanquished

Notes
Turn   | Place    | Note
-------+----------+-------------------------------------------
     0 | D:1      | Ijustatesigmund the Tengu Fire Elementalist began the quest
                  | for the Orb.
     0 | D:1      | Reached XP level 1. HP: 10/10 MP: 4/4
   198 | D:1      | Reached XP level 2. HP: 16/16 MP: 3/6
   320 | D:1      | Reached skill level 2 in Conjurations
   331 | D:1      | Learned a level 2 spell: Scorch
   504 | D:1      | Reached skill level 1 in Fighting
   512 | D:1      | Reached XP level 3. HP: 20/20 MP: 0/7
  1559 | D:2      | Reached XP level 4. HP: 25/25 MP: 6/8
  1992 | D:2      | Found a faded altar of an unknown god.
  2781 | D:3      | Found a broken altar of Ashenzari.
  2856 | D:3      | Reached skill level 3 in Conjurations
  3336 | D:4      | Found a burning altar of Makhleb.
  3336 | D:4      | Found a radiant altar of Vehumet.
  3336 | D:4      | Found a sparkling altar of Nemelex Xobeh.
  3337 | D:4      | Found a shadowy altar of Dithmenos.
  3338 | D:4      | Found a shimmering blue altar of Sif Muna.
  3338 | D:4      | Found a hide-covered altar of Uskayaw.
  3339 | D:4      | Found an opulent altar of Gozag.
  3340 | D:4      | Found an iron altar of Okawaru.
  3340 | D:4      | Found a basalt altar of Yredelemnul.
  3341 | D:4      | Found a bloodstained altar of Trog.
  3345 | D:4      | Became a worshipper of Vehumet
  3791 | D:4      | Noticed an ogre
  3807 | D:4      | Killed an ogre
  3808 | D:4      | Reached skill level 1 in Axes
  3808 | D:4      | Gained mutation: Your magical nature lets you fly swiftly
                  | and evasively. [Tengu growth]
  3808 | D:4      | Reached XP level 5. HP: 30/30 MP: 7/10
  3937 | D:4      | Noticed an ogre
  3946 | D:4      | Killed an ogre
  3947 | D:4      | Reached skill level 4 in Conjurations
  3947 | D:4      | Reached XP level 6. HP: 19/35 MP: 3/12
  4191 | D:4      | HP: 1/52 [gnoll/+0 flail[a gnoll bouda] (7)]
  4481 | D:5      | Entered Level 5 of the Dungeon
  4758 | D:5      | Reached skill level 5 in Fire Magic
  4758 | D:5      | Reached XP level 7. HP: 8/39 MP: 13/13
  5081 | D:5      | Learned a level 4 spell: Flame Wave
  5284 | D:5      | Reached skill level 5 in Conjurations
  5312 | D:5      | Reached skill level 1 in Shields
  5325 | D:5      | Found a staircase to the Ecumenical Temple.
  5334 | Temple   | Entered the Ecumenical Temple
  5407 | D:5      | Reached * piety under Vehumet
  5407 | D:5      | Offered knowledge of Magic Dart by Vehumet.
  5737 | D:5      | Reached XP level 8. HP: 44/44 MP: 9/15
  5955 | D:6      | HP: 1/44 [worm (11)]
  5963 | D:6      | Found a glowing drain.
  6036 | Sewer    | Entered a sewer
  6209 | Sewer    | Reached skill level 6 in Conjurations
  7026 | D:6      | Found a glowing silver altar of Zin.
  7231 | D:7      | Reached skill level 5 in Spellcasting
  7266 | D:7      | Noticed YordlordTheGreat's ghost (novice DEEn)
  7268 | D:7      | Noticed a two-headed ogre
  7656 | D:7      | Reached skill level 5 in Axes
  7656 | D:7      | Reached XP level 9. HP: 24/48 MP: 17/17
  7893 | D:7      | Reached skill level 7 in Conjurations
  7923 | D:7      | Killed a two-headed ogre
  8059 | D:7      | Reached ** piety under Vehumet
  8059 | D:7      | Offered knowledge of Searing Ray by Vehumet.
  8322 | D:7      | Found a runed translucent gate.
  8322 | D:7      | Found a runed translucent gate.
  8331 | D:7      | Found a runed translucent gate.
  8446 | D:8      | Reached skill level 8 in Conjurations
  9007 | D:7      | Reached skill level 5 in Shields
  9007 | D:7      | Reached XP level 10. HP: 20/53 MP: 11/20
  9801 | D:8      | Reached skill level 9 in Conjurations
  9801 | D:8      | Offered knowledge of Poisonous Vapours by Vehumet.
 10515 | D:9      | Reached skill level 1 in Armour
 10579 | D:9      | Found an ancient bone altar of Kikubaaqudgha.
 10712 | D:9      | Found a blossoming altar of Fedhas.
 10724 | D:9      | Reached *** piety under Vehumet
 11334 | D:9      | Learned a level 2 spell: Poisonous Vapours
 11338 | D:9      | Learned a level 3 spell: Ignite Poison
 11550 | D:10     | Entered Level 10 of the Dungeon
 11590 | D:10     | Noticed a two-headed ogre
 11599 | D:10     | Killed a two-headed ogre
 11600 | D:10     | Reached skill level 1 in Transmutations
 11600 | D:10     | Reached skill level 1 in Air Magic
 11600 | D:10     | Reached skill level 1 in Poison Magic
 11618 | D:10     | Reached XP level 11. HP: 60/60 MP: 6/22
 11622 | D:10     | Found a flagged portal.
 11629 | D:10     | Offered knowledge of Hailstorm by Vehumet.
 11636 | Bailey   | Entered a bailey
 11844 | Bailey   | Reached skill level 10 in Conjurations
 12262 | Bailey   | Noticed a vault guard
 12285 | Bailey   | Killed a vault guard
 12402 | Bailey   | Noticed a vault guard
 12402 | Bailey   | Noticed Prince Ribbit
 12409 | Bailey   | Killed Prince Ribbit
 12411 | Bailey   | Killed a vault guard
 12568 | D:10     | Found a staircase to the Lair.
 12600 | D:10     | Reached **** piety under Vehumet
 13137 | D:10     | Reached skill level 5 in Air Magic
 13160 | D:10     | Offered knowledge of Irradiate by Vehumet.
 13161 | D:10     | Reached skill level 11 in Conjurations
 13202 | D:9      | Learned a level 5 spell: Irradiate
 13496 | D:10     | Found a staircase to the Orcish Mines.
 13560 | D:10     | Noticed a deep elf pyromancer
 13565 | D:10     | Killed a deep elf pyromancer
 13725 | D:11     | You are sucked into a shaft and drop 2 floors!
 14012 | D:13     | Noticed an orc knight
 14012 | D:13     | Shot with a bolt by a yaktaur

Illustrated notes

Levels and vault maps discovered:
D:1:      minmay_arrival_nine_rooms, layout_basic, st_stairs_5
D:2:      layout_rooms, shapermc_ecumenical_altar_ellora
D:3:      layout_basic, ashenzari_conservatory_becter
D:4:      layout_gridville, nicolae_overflows_in_rows
D:5:      nicolae_cairo_tiling_very_big, layout_rooms
D:6:      layout_gridville, pf_just_have_faith, gup_sewer_entry_bubbles
D:7:      layout_cave_pools, gammafunk_ghost_split
D:8:      layout_cave_pools, grunt_ministairs_12
D:9:      layout_basic, grunt_temple_overflow_growth_and_decay, st_stairs_5
D:10:     layout_irregular_city, lair_entry_dummy, david_orc_4, enter_bailey_4
D:11:     layout_roguey, uniq_nergalle
D:13:     layout_irregular_city, hangedman_vaults_entry_quadrant_bands,
          chequers_garden, minmay_misc_feat_cross
Temple:   nicolae_temple_godpark

Skill      XL: |  1  2  3  4  5  6  7  8  9 10 11 |
---------------+----------------------------------+-----
Conjurations   | 2 3 4 5 6 8 9 11 | 11.3
Fighting       | 1 3 |  3.2
Fire Magic     | 4 5 6 7 8 |  8.6
Axes           | 1 2 3 5 6 |  6.8
Spellcasting   | 3 4 5 6 7 |  7.0
Shields        | 1 3 5 |  5.5
Armour         | 1 |  1.9
Transmutations | 1 4 |  4.3
Air Magic      | 2 5 |  5.8
Poison Magic   | 1 4 |  4.4
Dodging        | |  2.9
Stealth        | |  2.0

Action                     |  1- 3 |  4- 6 |  7- 9 | 10-12 || total
---------------------------+-------+-------+-------+-------++-------
  Melee: Short sword       |     1 |       |       |       ||     1
         Broad axe         |       |    28 |   100 |   100 ||   228
         Kick              |       |     7 |    21 |    37 ||    65
         Peck              |       |     5 |    18 |    33 ||    56
         Punch             |       |       |     1 |       ||     1
   Cast: Foxfire           |    53 |    38 |    82 |    23 ||   196
         Scorch            |     2 |    17 |    32 |    26 ||    77
         Flame Wave        |       |       |     6 |    20 ||    26
         Poisonous Vapours |       |       |       |    35 ||    35
         Ignite Poison     |       |       |       |    15 ||    15
  Evoke: Wand              |       |     2 |     2 |     3 ||     7
    Use: Scroll            |       |     6 |     8 |    13 ||    27
         Potion            |       |     2 |     6 |     2 ||    10
   Stab: Distracted        |       |     1 |       |       ||     1
         Sleeping          |       |     2 |     1 |     1 ||     4
 Armour: Robe              |     2 |    11 |    23 |     4 ||    40
         Acid dragon scale |       |       |       |    26 ||    26
         Skin              |       |       |       |     2 ||     2
  Dodge: Dodged            |     9 |    33 |   113 |    93 ||   248
  Block: Buckler           |       |       |    23 |    40 ||    63
